AoeStats
← Corsican Pirate

Nomad

507982250Analyzed
4v4 RM · 13d ago on Sep 20, 2026· 31m 3s· 8 players
Game mode
Random Map
Map size
231×231
Population
200
Speed
Normal
Resources
Standard
Victory
Conquest
Starting age
Dark Age
Ending age
Imperial Age
RankedLock teamsTeams togetherTeam positionsShared explorationLock speedFull tech treeHidden civsTurbo modeCheats
Victory
Defeat
🇷🇺 Persians · Russia
1335
+14
🇨🇳 Vietnamese · China
1320
+15
🇫🇮 Dravidians · Finland
1282
+17
🇺🇿 Italians · Uzbekistan
1273
+16
🇨🇳 Dravidians · China
1324
-17
🇲🇽 Persians · Mexico
1308
-16
🇲🇽 Mapuche · Mexico
1289
-15
🇲🇽 Koreans · Mexico
1265
-14
SirBro
5:00 Loom
14:45 Feudal Age
15:36 Fishing Lines
17:00 Double-Bit Axe
20:59 Castle Age
22:46 Medium Warships
29:16 Ballistics
30:05 Scale Barding Armor
30:10 Forging
privalovivan99
3:12 Loom
18:40 Feudal Age
25:34 Castle Age
24:05 Double-Bit Axe
25:36 Wheelbarrow
25:03 Horse Collar
27:40 Hand Cart
27:37 Forging
27:32 Scale Barding Armor
27:32 Husbandry
karbid
3:15 Loom
13:53 Feudal Age
18:07 Castle Age
25:43 Imperial Age
23:40 Ballistics
24:12 Fletching
24:53 Double-Bit Axe
25:18 Horse Collar
26:43 Bodkin Arrow
28:21 Wheelbarrow
29:57 Bracer
29:45 Town Watch
32:12 Chemistry
半时
12:40 Loom
14:42 Feudal Age
18:42 Castle Age
17:51 Double-Bit Axe
18:00 Fletching
18:52 Padded Archer Armor
19:51 Crossbowman
26:27 Bodkin Arrow
29:44 Elite Skirmisher
Gúthwinë
4:00 Loom
11:10 Feudal Age
11:44 Double-Bit Axe
14:36 Fishing Lines
15:30 Fletching
20:46 Castle Age
21:21 Bodkin Arrow
21:39 Bow Saw
21:35 Horse Collar
26:23 Wheelbarrow
28:07 Scale Mail Armor
28:14 Scale Barding Armor
Glamdring
4:06 Loom
4:11 Loom
13:24 Feudal Age
15:07 Double-Bit Axe
15:15 Gold Mining
17:36 Castle Age
16:40 Fletching
16:51 Padded Archer Armor
18:25 Bodkin Arrow
19:12 Bow Saw
24:53 Leather Archer Armor
Corsican Pirate
3:55 Loom
13:29 Feudal Age
27:00 Castle Age
24:49 Double-Bit Axe
25:02 Stone Mining
27:25 Town Watch
28:11 Fletching
S.T.A.R.S. Wesker
11:28 Loom
17:40 Feudal Age
21:15 Castle Age
21:01 Double-Bit Axe
21:55 Fletching
22:34 Bow Saw
22:08 Horse Collar
24:15 Elite Skirmisher
29:25 Wheelbarrow
33:05 Imperial Age
31:29 Ballistics
Connection lost

Rejoining the realm…

Still unreachable

The connection could not be restored.

Session expired

The server has moved on; the page needs a fresh start.